Semilg, chaotic male elven Ranger --- ---- ---.-- |..| |....-- ---- |..---.....| |..-----.........-- |...--............ ---..............--- --.....)...*..<..|. --........--...%..| |......----......| ---.- |.......-- --- --......@- ----...h. |.... |... --.. Semilg the Lookout Experience level: 4 Strength: 16 Dexterity: 13 Constitution: 15 Intelligence: 14 Wisdom: 14 Charisma: 7 Health: 0(28) Energy: 20(20) Def: 5 Gold: 652 Moves: 1655 Dungeon seed: jEkLelscgAH9Ut1Y Game ID: Semilg_1564658773 Your Inventory: Coins $ - 652 gold pieces Weapons a - a +1 elven dagger (weapon in hand) b - a blessed +1 elven bow (alternate weapon; not wielded) c - 56 +2 elven arrows (in quiver) d - 36 +0 elven arrows k - a +0 war hammer o - 9 +1 orcish arrows p - a +0 aklys s - 12 +0 crossbow bolts w - a +0 flail C - 10 +0 arrows Armor e - an uncursed +2 elven cloak (being worn) n - an uncursed +0 pair of jumping boots (being worn) y - an uncursed +0 dwarvish cloak N - a cursed +0 orcish helm (being worn) Comestibles f - 5 uncursed lembas wafers g - an uncursed tin of kobold meat x - 2 uncursed food rations Scrolls z - a blessed scroll of food detection B - an uncursed scroll of light Potions i - an uncursed potion of gain energy j - an uncursed potion of paralysis m - a blessed potion of sleeping r - a potion of holy water Tools t - an uncursed tallow candle (0:200) u - a +0 pick-axe Gems q - an uncursed worthless piece of yellow glass Spells and supernatural/magical abilities: Name Level Category Fail Memory W - pray for help -- divine ? -- Y - supernatural jump -- ability ? -- Your skills at the end: Fighting Skills Weapon Skills dagger [Basic] bow [Basic] Spellcasting Skills Final Attributes: You were piously aligned. You were sleep resistant. You had automatic searching. You had infravision. You were stealthy. You could jump. You are dead. Vanquished creatures: 2 gnome lords a little dog a dwarf an iguana a hobgoblin 3 cave spiders a brown mold 2 yellow molds 6 gnomes a jackal a fox a kobold 2 sewer rats 7 grid bugs a lichen 2 kobold zombies 6 newts 39 creatures vanquished. Genocided species: gnomes 1 species genocided. Voluntary challenges: You were an atheist. You used a wielded weapon 48 times, starting on turn 59. You read items or engraved 1 time, starting on turn 1599. You genocided 1 type of monster, starting on turn 1599. You never polymorphed an object. You never changed form. You used no wishes. You never split a pudding. You never wrote Elbereth's name. You never violated your personal moral code. Dungeon overview: The Dungeons of Doom: levels 1 to 4 Level 1 a long staircase Level 2 a sink Level 3 some fountains stairs to The Gnomish Mines Level 4 The Gnomish Mines: Level 4 <- You were here stairs to The Dungeons of Doom History has recorded: On T:1 you entered the Dungeons of Doom to retrieve the Amulet of Yendor! On T:31 you reached level 2 of The Dungeons of Doom. On T:594 you reached level 3 of The Dungeons of Doom. On T:702 you advanced to experience level 2. On T:940 you reached level 1 of The Gnomish Mines. On T:985 you advanced to experience level 3. On T:1078 you reached level 4 of The Dungeons of Doom. On T:1423 you advanced to experience level 4. Score breakdown: Gold: 652 ( 9575 points) Experience: 4 levels ( 9649 points) Exploration: 4 levels ( 8.33%) ( 7579 points) Discoveries: 3 items ( 1.03%) ( 3051 points) Valuables value: (no points given unless you survive) Artifact value: 0 ( 0 points) Variety of kills: 17 monsters ( 4.46%) ( 6336 points) Turncount: 1655 turns ( 0 points) Survival: died (score multiplied by 80%) Total score: 28952 Latest messages: The gnome lord is suddenly moving faster. You stop exploring. The gnome lord misses. You hit the gnome lord. The gnome lord hits! You hit the gnome lord! The gnome lord hits! You hit the gnome lord! The gnome lord hits! You kill the gnome lord! You see here a gnome lord corpse. (2x) You stop exploring. (17x) You hit the dwarf lord. The dwarf lord wields a dagger! The dagger welds itself to the dwarf lord's hand! The dwarf lord thrusts his dagger. The dwarf lord hits! You hit the dwarf lord. (2x) The dwarf lord thrusts his dagger. The dwarf lord hits! You die... Final status: Goodbye Semilg the Ranger, killed by a dwarf lord... You died in The Gnomish Mines on dungeon level 4 with 28952 points, and 652 pieces of gold, after 1655 moves. You were level 4 with a maximum of 28 hit points when you died.